 Dungeon Crawl Stone Soup version 0.28-a0-983-g1de4e0787c (webtiles) character file.

Game seed: 4829919286425727817

103 chaos1206 the Cudgeller (level 4, 0/29 HPs)
             Began as a Gargoyle Berserker on Dec 2, 2021.
             Was a Believer of Trog.
             Slain by an adder (1 damage)
             ... on level 2 of the Dungeon.
             The game lasted 00:10:28 (1354 turns).

chaos1206 the Cudgeller (Gargoyle Berserker)        Turns: 1354, Time: 00:10:28

Health: 0/29       AC: 12    Str: 28    XL:     4   Next: 79%
Magic:  4/4        EV: 11    Int:  8    God:    Trog [**....]
Gold:   59         SH:  0    Dex:  9    Spells: 3/3 levels left

rFire   . . .      SeeInvis .   a - +0 mace
rCold   . . .      Faith    .   (no shield)
rNeg    + . .      Spirit   .   c - +0 leather armour
rPois   ∞          Reflect  .   (no helmet)
rElec   +          Harm     .   (no cloak)
rCorr   .          Rampage  .   f - +0 pair of gloves
Will    .....                   (no boots)
Stlth   +.........              (no amulet)
HPRegen 0.09/turn               d - +6 ring of strength
MPRegen 0.09/turn               g - +4 ring of protection

@: on berserk cooldown, slowed, very slow
A: sickness immunity, AC +3, negative energy resistance 1, electricity
resistance, torment resistance 1, petrification resistance
a: Renounce Religion, Berserk, Trog's Hand


You were on level 2 of the Dungeon.
You worshipped Trog.
Trog was pleased with you.
You visited 1 branch of the dungeon, and saw 2 of its levels.

You collected 59 gold pieces.

Inventory:

Hand Weapons
 a - a +0 mace (weapon)
Armour
 c - a +0 leather armour (worn)
 f - a +0 pair of gloves (worn)
Jewellery
 d - a +6 ring of strength (left hand)
 g - a +4 ring of protection (right hand)
Scrolls
 e - 4 scrolls of noise
Potions
 h - a potion of might


   Skills:
 + Level 4.0 Fighting
 + Level 4.4 Maces & Flails
 + Level 2.6 Armour
 + Level 2.0 Dodging
 + Level 0.2 Stealth


You had 3 spell levels left.
You didn't know any spells.
Your spell library was empty.

Dungeon Overview and Level Annotations

Branches:
Dungeon (2/15)

Altars:


Innate Abilities, Weirdness & Mutations

You are immune to sickness and miasma.
Your stone body is resilient. (AC +3)
You are immune to poison.
You resist negative energy. (rN+)
You are resistant to electric shocks. (rElec)
You are resistant to unholy torment.
You are immune to petrification.


Message History

You sock the endoplasm!
You kill the endoplasm!
Trog accepts your kill. The bat barely misses you. The bat misses you.
The bat hits you but does no damage. The hobgoblin completely misses you.
You sock the bat!
You feel the power of Trog in you as your rage grows.
You kill the bat!
Trog accepts your kill. The bat hits you but does no damage.
The hobgoblin barely misses you.
You miss the bat. The bat closely misses you. The hobgoblin barely misses you.
The bat barely misses you. The quokka barely misses you.
Found a scroll of identify.
You feel a strong urge to attack something.
You are no longer berserk.
You are exhausted.
You feel yourself slow down. The bat barely misses you. The quokka bites you.
* * * LOW HITPOINT WARNING * * *
You sock the quokka!
You kill the quokka!
Trog accepts your kill. The bat hits you but does no damage.
An adder comes into view.
The hobgoblin hits you but does no damage. x2
The bat hits you but does no damage. The hobgoblin barely misses you.
You see here a quokka corpse.
The bat hits you but does no damage. The hobgoblin hits you.
* * * LOW HITPOINT WARNING * * *
The hobgoblin hits you but does no damage.
You hit the hobgoblin.
The hobgoblin is almost dead.
The bat hits you but does no damage.
The hobgoblin hits you but does no damage.
The adder bites you but does no damage.
You barely miss the hobgoblin.
The hobgoblin is almost dead.
The bat misses you. The adder barely misses you.
The hobgoblin hits you but does no damage.
The adder bites you.
You die...

#########
##...#...##
..##...g.....##
#.....S@†.....#
##............#
#....b.......#
#..)>.......#..
#.............#
#.#..........##
..............#
?..#.#...###...


You could see an adder, a hobgoblin and a bat.

Vanquished Creatures
  Natasha (D:2)
  4 gnolls (D:2)
  A dart slug (D:1)
  5 endoplasms
  A giant cockroach (D:1)
  3 goblins (D:1)
  3 hobgoblins
  3 kobolds
  3 quokkas
  7 ball pythons
  4 bats
  2 frilled lizards
  2 rats (D:1)
39 creatures vanquished.

Notes
Turn   | Place    | Note
-------+----------+-------------------------------------------
     0 | D:1      | chaos1206 the Gargoyle Berserker began the quest for the
                  | Orb.
     0 | D:1      | Reached XP level 1. HP: 14/14 MP: 1/1
   436 | D:1      | Reached XP level 2. HP: 15/19 MP: 2/2
   502 | D:1      | Found a faded altar of an unknown god.
   502 | D:1      | Noticed a golden eye
   521 | D:1      | Noticed a golden eye
   548 | D:1      | Noticed a floating eye
   740 | D:1      | Reached XP level 3. HP: 19/24 MP: 3/3
   744 | D:1      | Noticed a shining eye
  1031 | D:2      | Reached ** piety under Trog
  1047 | D:2      | Reached XP level 4. HP: 10/29 MP: 4/4
  1323 | D:2      | Noticed Natasha
  1337 | D:2      | Killed Natasha
  1352 | D:2      | HP: 1/29 [hobgoblin (3)]
  1354 | D:2      | Slain by an adder

Illustrated notes

Levels and vault maps discovered:
D:1:      saegor_arrival_miasma, layout_basic,
          hellmonk_ecumenical_altar_watching_god
D:2:      cheibrodos_old_hovel, layout_rooms, serial_shops, shop, uniq_natasha

Skill      XL: |  1  2  3  4 |
---------------+-------------+-----
Maces & Flails | 4 |  4.4
Fighting       | 4 |  4.0
Dodging        | 2 |  2.0
Armour         | |  2.6
Stealth        | |  0.2

Action                   |  1- 3 |  4- 6 || total
-------------------------+-------+-------++-------
Melee: Mace              |    94 |    23 ||   117
Invok: Berserk           |     2 |     1 ||     3
  Use: Scroll            |       |     2 ||     2
Armor: Leather armour    |    42 |    39 ||    81
Dodge: Dodged            |    68 |    47 ||   115

Table legend: (Time is in decaauts)
 A = Elapsed time spent in this place.
 B = Non-inter-level travel time spent in this place.
 C = Inter-level travel time spent in this place.
 D = Time resting spent in this place.
 E = Time spent auto-exploring this place.
 F = Levels seen in this place.
 G = Mean time per level.
                   A        B        C        D        E       F      G
               +--------+--------+--------+--------+--------+-----+--------+
         Total |   1386 |   1350 |     36 |    585 |    266 |   2 |  693.0 |
       Dungeon |   1386 |   1350 |     36 |    585 |    266 |   2 |  693.0 |
               +--------+--------+--------+--------+--------+-----+--------+

Top non-repeatable levels by time:
     D:1: 984 daAuts
     D:2: 402 daAuts
